 Dungeon Crawl Stone Soup version 0.28-b1-25-g9875b3fc8c (webtiles) character file.

Game seed: 5698491359105306695

3 zeram the Ducker (level 1, 0/11 HPs)
             Began as a Spriggan Fighter on Feb 2, 2022.
             Slain by a kobold (2 damage)
             ... on level 1 of the Dungeon.
             The game lasted 00:00:11 (34 turns).

zeram the Ducker (Spriggan Fighter)                   Turns: 34, Time: 00:00:11

Health: 0/11       AC:  2    Str: 12    XL:     1   Next: 41%
Magic:  2/2        EV: 17    Int:  9    God:
Gold:   0          SH:  6    Dex: 14    Spells: 0/0 levels left

rFire   . . .      SeeInvis +   a - +0 rapier
rCold   . . .      Faith    .   c - +0 buckler
rNeg    . . .      Spirit   .   b - +0 robe
rPois   .          Reflect  .   (helmet restricted)
rElec   .          Harm     .   (no cloak)
rCorr   .          Rampage  .   (gloves unavailable)
Will    .....                   (boots unavailable)
Stlth   ++........              (no amulet)
HPRegen 0.03/turn               (no ring)
MPRegen 0.08/turn               (no ring)

@: very quick
A: very small, no large weapons, unfitting armour, see invisible, speed 3
a: no special abilities


You were on level 1 of the Dungeon.
You visited 1 branch of the dungeon, and saw 1 of its levels.

Inventory:

Hand Weapons
 a - a +0 rapier (weapon)
Armour
 b - a +0 robe (worn)
 c - a +0 buckler (worn)
Potions
 d - a potion of might
 e - a potion of heal wounds {unknown}


   Skills:
 - Level 2.4 Fighting
 + Level 2.2 Short Blades
 + Level 4.1 Dodging
 * Level 0.6 Stealth
 + Level 2.2 Shields


You couldn't memorise any spells.
You didn't know any spells.
Your spell library was empty.

Dungeon Overview and Level Annotations

Branches:
Dungeon (1/15)

Altars:


Innate Abilities, Weirdness & Mutations

You are very small and have problems with some larger weapons.
You are too small for most types of armour.
You have supernaturally acute eyesight. (SInv)
You cover ground extremely quickly. (Speed+++)


Message History

A hobgoblin comes into view.
The hobgoblin shouts!
You hear a shout!
A kobold comes into view. It is wielding a +0 dagger.
There are monsters nearby!
There are monsters nearby!
There are monsters nearby!
The kobold shouts!
A hobgoblin comes into view.
A kobold comes into view. It is wielding a +0 dagger.
The hobgoblin shouts!
You hit the hobgoblin but do no damage. The hobgoblin completely misses you.
You hit the kobold.
The kobold is severely wounded.
The kobold barely misses you.
You closely miss the kobold.
The kobold is severely wounded.
You block the hobgoblin's attack. The kobold barely misses you.
You barely miss the kobold.
The kobold is severely wounded.
The hobgoblin hits you but does no damage.
The hobgoblin hits you. The kobold hits you with a +0 dagger.
The hobgoblin completely misses you.
You hit the kobold.
You kill the kobold!
The hobgoblin barely misses you. The hobgoblin completely misses you.
The hobgoblin barely misses you.
You hit the hobgoblin.
The hobgoblin is heavily wounded.
You block the kobold's attack. The hobgoblin barely misses you.
The hobgoblin hits you but does no damage.
You hit the hobgoblin.
You kill the hobgoblin!
The kobold hits you with a +0 dagger. The hobgoblin closely misses you.
The kobold hits you but does no damage.
You hit the kobold.
The kobold is heavily wounded.
The hobgoblin hits you.
* * * LOW HITPOINT WARNING * * *
The kobold hits you with a +0 dagger.
You die...

#.#.# #.#.###### ## #.#
#.#... ... .# #.# #....#
#.# .# #.#####
##....###.##.###.#...###
#..†..##...#.....[......
#.#...##....####........
#.#.#..#.....#..†K......
#...##.....#....@g......
#...#..###...#.###......
#...#..........# ..##.
#...#######.#### ##
#.....# #.# #...>.# #.#
#.....# ... #...### #.
#.<.#


You could see a hobgoblin and a kobold.

Vanquished Creatures
  A giant cockroach (D:1)
  A hobgoblin (D:1)
  A kobold (D:1)
3 creatures vanquished.

Notes
Turn   | Place    | Note
-------+----------+-------------------------------------------
     0 | D:1      | zeram the Spriggan Fighter began the quest for the Orb.
     0 | D:1      | Reached XP level 1. HP: 11/11 MP: 2/2
    34 | D:1      | Slain by a kobold

Illustrated notes

Levels and vault maps discovered:
D:1:      amcnicky_arrival_blooded_trapdoor, layout_loops_ring

Action                   || total
-------------------------++-------
Melee: Rapier            ||    10
Armor: Robe              ||     3
Dodge: Dodged            ||    11
Block: Buckler           ||     2
